 Dungeon Crawl Stone Soup version 0.29-a0-474-gdfe5cd140f (webtiles) character file.

Game seed: 14331217623173041455

513 xian the Slasher (level 7, -2/61 HPs)
             Began as a Minotaur Fighter on May 23, 2022.
             Slain by a gnoll shaman
             ... wielding a +0 club
              (10 damage)
             ... on level 3 of the Dungeon.
             The game lasted 00:05:43 (2912 turns).

xian the Slasher (Minotaur Fighter)                 Turns: 2912, Time: 00:05:44

Health: -2/61      AC:  7    Str: 23    XL:     7   Next: 0%
Magic:  6/6        EV:  8    Int:  5    God:
Gold:   124        SH:  9    Dex: 15    Spells: 6/6 levels left

rFire   . . .      SeeInvis .   a - +0 long sword
rCold   . . .      Faith    .   i - +0 kite shield
rNeg    . . .      Spirit   .   b - +0 scale mail
rPois   .          Reflect  .   (helmet restricted)
rElec   .          Harm     .   (no cloak)
rCorr   .          Rampage  .   (no gloves)
Will    .....                   (no boots)
Stlth   ..........              (no amulet)
HPRegen 0.20/turn               g - +6 ring of dexterity
MPRegen 0.10/turn               (no ring)

@: no status effects
A: horns 2, retaliatory headbutt
a: no special abilities


You were on level 3 of the Dungeon.
You visited 1 branch of the dungeon, and saw 4 of its levels.

You collected 124 gold pieces.

Inventory:

Hand Weapons
 a - a +0 long sword (weapon)
Missiles
 t - 2 poisoned darts (quivered)
Armour
 b - a +0 scale mail (worn)
 i - a +0 kite shield (worn)
Magical Staves
 h - a staff of conjuration
Jewellery
 g - a +6 ring of dexterity (left hand)
Wands
 l - a wand of flame (16)
 u - a wand of iceblast (9)
Scrolls
 c - 3 scrolls of identify {unknown}
 f - 2 scrolls of fear {unknown}
 m - a scroll of torment {unknown}
 p - a scroll of vulnerability {unknown}
 q - 2 scrolls of enchant weapon {unknown}
 s - a scroll of amnesia {unknown}
Potions
 e - a potion of invisibility {unknown}
 j - a potion of curing {unknown}
 k - a potion of ambrosia {unknown}
 n - a potion of mutation {unknown}
 o - a potion of attraction {unknown}
 r - a potion of haste {unknown}
 v - a potion of cancellation {unknown}


   Skills:
 + Level 5.0 Fighting
 + Level 6.6 Long Blades
 + Level 5.2 Armour
 + Level 1.1 Dodging
 + Level 0.1 Stealth
 + Level 4.9 Shields


You had 6 spell levels left.
You didn't know any spells.
Your spell library contained the following spells:

 Spells                   Type           Power      Damage    Failure   Level
 Summon Small Mammal      Summ           0%         N/A       98%         1
 Call Canine Familiar     Summ           0%         N/A       100%        3
 Ignite Poison            Fire/Tmut/Pois 0%         N/A       100%        3
 Mephitic Cloud           Conj/Pois/Air  0%         N/A       100%        3
 Summon Guardian Golem    Hex/Summ       0%         N/A       100%        3
 Freezing Cloud           Conj/Ice/Air   0%         6-21      100%        5


Dungeon Overview and Level Annotations

Branches:
Dungeon (4/15)
 Temple: D:4-7

Altars:
Elyvilon


Innate Abilities, Weirdness & Mutations

You have a pair of horns on your head.
You reflexively headbutt those who attack you in melee.


Message History

You slash the iguana!
You kill the iguana!
The gnoll shaman hits you but does no damage. x2
Your Fighting skill increases to level 5!
You have reached level 7!
You hit the gnoll shaman but do no damage.
You headbutt the gnoll shaman, but do no damage.
You are no longer glowing.
The gnoll shaman hits you with a +0 club.
* * * LOW HITPOINT WARNING * * *
You barely miss the gnoll shaman. Your headbutt misses the gnoll shaman.
The gnoll shaman hits you with a +0 club.
* * * LOW HITPOINT WARNING * * *
You hit the gnoll shaman. You headbutt the gnoll shaman.
The gnoll shaman is moderately wounded.
The gnoll shaman hits you but does no damage.
You block the gnoll shaman's attack.
You climb upwards.
There is a stone staircase leading down, spattered with blood here.
Things that are here:
a +0 flail; a gnoll corpse; a black bear skeleton You barely miss the gnoll shaman.
The gnoll shaman is moderately wounded.
You block the gnoll shaman's attack.
You hit the gnoll shaman but do no damage.
Your headbutt misses the gnoll shaman.
The gnoll shaman is moderately wounded.
The gnoll shaman closely misses you.
You hit the gnoll shaman.
The gnoll shaman is moderately wounded.
You block the gnoll shaman's attack.
The gnoll shaman hits you with a +0 club.
* * * LOW HITPOINT WARNING * * *
You closely miss the gnoll shaman.
The gnoll shaman is moderately wounded.
You block the gnoll shaman's attack.
You barely miss the gnoll shaman. Your headbutt misses the gnoll shaman.
The gnoll shaman is moderately wounded.
The gnoll shaman hits you with a +0 club!
You die...

#......'................#
#......################.#
###...........#...#...# #.#
..........###.#.#.#.#.###.#
.........<..#.#.#.#.#.....#
..........#.#.#.#.#.#######
#######'#.#.#.#.#.#.##########
#######.#...#.#.#)...........#
................@##.#######.##
####.##........g....# #.#
#.######.........# #)# #.#
#.#.####.## #.# ####.#
#.#....#.# #.# .....#
#.####)#.# #.# .....# #.#
#.#.# #.# .....# #.# #.#.# #.#
.....# #.# #.#.# #.#


You could see a gnoll shaman.

Vanquished Creatures
  Grinder (D:3)
  A black bear (D:3)
  Ijyb (D:3)
  Natasha (thrice) (D:3)
  An iguana (D:4)
  3 gnolls
  4 adders
  An ufetubus (D:3)
  A dart slug (D:1)
  3 bats (D:3)
  7 endoplasms
  2 giant cockroaches
  6 hobgoblins
  5 quokkas
  4 ball pythons
  2 frilled lizards
  4 goblins
  5 kobolds
  A rat (D:1)
55 creatures vanquished.

Vanquished Creatures (others)
  2 fungi (D:1)
  4 toadstools (D:1)
6 creatures vanquished.

Grand Total: 61 creatures vanquished

Notes
Turn   | Place    | Note
-------+----------+-------------------------------------------
     0 | D:1      | xian the Minotaur Fighter began the quest for the Orb.
     0 | D:1      | Reached XP level 1. HP: 19/19 MP: 0/0
   332 | D:1      | Reached XP level 2. HP: 26/27 MP: 1/1
   872 | D:1      | Found a faded altar of an unknown god.
  1008 | D:2      | Found a white marble altar of Elyvilon.
  1135 | D:2      | Reached XP level 3. HP: 33/33 MP: 2/2
  1281 | D:2      | Reached skill level 3 in Long Blades
  1678 | D:3      | Noticed Grinder
  1687 | D:3      | Killed Grinder
  1688 | D:3      | Reached skill level 5 in Long Blades
  1688 | D:3      | Reached XP level 4. HP: 30/41 MP: 3/3
  1688 | D:3      | Reached XP level 5. HP: 35/47 MP: 4/4
  1932 | D:3      | Noticed Natasha
  1939 | D:3      | Killed Natasha
  1940 | D:3      | Reached XP level 6. HP: 39/53 MP: 5/5
  2214 | D:3      | Noticed Ijyb
  2220 | D:3      | Killed Ijyb
  2353 | D:3      | Noticed Natasha
  2361 | D:3      | Killed Natasha
  2362 | D:3      | Reached skill level 6 in Long Blades
  2469 | D:3      | Noticed Natasha
  2477 | D:3      | Killed Natasha
  2683 | D:3      | Reached skill level 5 in Armour
  2683 | D:3      | Reached skill level 1 in Dodging
  2903 | D:4      | Reached skill level 5 in Fighting
  2903 | D:4      | Reached XP level 7. HP: 19/61 MP: 6/6
  2912 | D:3      | Slain by a gnoll shaman

Illustrated notes

Levels and vault maps discovered:
D:1:      ldierk_water_garden, layout_loops_cross,
          shapermc_ecumenical_altar_petra
D:2:      layout_loops_ring, basic_altar, grunt_ministairs_6
D:3:      layout_basic, uniq_grinder, uniq_natasha, uniq_ijyb
D:4:      layout_cave_pools, grunt_ministairs_9, nicolae_shop_fire_sale
          [nicolae_sub_dead_trees]

Skill      XL: |  1  2  3  4  5  6 |
---------------+-------------------+-----
Fighting       | 4 5 |  5.0
Armour         | 4 5 |  5.2
Shields        | 4 |  4.9
Long Blades    | 5 6 |  6.6
Dodging        | 1 |  1.1
Stealth        | |  0.1

Action                   |  1- 3 |  4- 6 |  7- 9 || total
-------------------------+-------+-------+-------++-------
Melee: Long sword        |    74 |    61 |     8 ||   143
       Headbutt          |    18 |    11 |     2 ||    31
Throw: Dart              |       |     1 |       ||     1
  Use: Potion            |     1 |     1 |       ||     2
Armor: Scale mail        |    29 |    20 |     1 ||    50
Dodge: Dodged            |    19 |    33 |     1 ||    53
Block: Buckler           |     2 |       |       ||     2
       Kite shield       |    25 |    53 |     4 ||    82

Table legend: (Time is in decaauts)
 A = Elapsed time spent in this place.
 B = Non-inter-level travel time spent in this place.
 C = Inter-level travel time spent in this place.
 D = Time resting spent in this place.
 E = Time spent auto-exploring this place.
 F = Levels seen in this place.
 G = Mean time per level.
                   A        B        C        D        E       F      G
               +--------+--------+--------+--------+--------+-----+--------+
         Total |   2961 |   2935 |     26 |    187 |   2121 |   4 |  740.2 |
       Dungeon |   2961 |   2935 |     26 |    187 |   2121 |   4 |  740.2 |
               +--------+--------+--------+--------+--------+-----+--------+

Top non-repeatable levels by time:
     D:3: 1234 daAuts
     D:1: 912 daAuts
     D:2: 775 daAuts
     D:4: 38 daAuts
